 Dungeon Crawl Stone Soup version 0.30-a0-883-g5ad918d77d (webtiles) character file.

Game seed: 15753557748244066669

128857 Lavandula the Impaler (level 17, -6/131 HPs)
             Began as a Human Gladiator on Mar 16, 2023.
             Was a High Priest of Nemelex Xobeh.
             Killed from afar by a deep elf zephyrmancer (39 damage)
             ... with a bolt of lightning
             ... on level 1 of the Elven Halls.
             The game lasted 01:28:23 (30757 turns).

Lavandula the Impaler (Human Gladiator)            Turns: 30757, Time: 01:28:23

Health: -6/131     AC: 26    Str: 18    XL:     17   Next: 60%
Magic:  34/34      EV: 20    Int: 12    God:    Nemelex Xobeh [*****.]
Gold:   1003       SH:  0    Dex: 20    Spells: 13/25 levels left

rFire   + . .      SeeInvis .    Z - +8 glaive of Harmony {drain, rF+ MP+9 Int-2}
rCold   + + +      Faith    +    (shield currently unavailable)
rNeg    . . .      Spirit   .    m - +6 ice dragon scales "Waetaub" {rF- rC++ Int+2}
rPois   +          Reflect  .    c - +0 helmet
rElec   .          Rampage  .    R - +2 cloak of the Modern Violins {rPois Dex+4}
rCorr   .                        F - +2 pair of gloves
Will    +....                    i - +0 pair of boots Stlth
                                 G - amulet of faith
HPRegen 0.41/turn                T - ring "Ojoima" {rPois rF+ rC+}
MPRegen 0.24/turn                C - +5 ring of evasion

@: studying Fire Magic
A: no striking features
a: Renounce Religion, Draw Escape, Draw Destruction, Draw Summoning, Triple
Draw, Deal Four, Stack Five


You were on level 1 of the Elven Halls.
You worshipped Nemelex Xobeh.
Nemelex Xobeh was extremely pleased with you.
You visited 5 branches of the dungeon, and saw 25 of its levels.
You visited the Abyss 1 time.
You also visited: Ossuary, Bailey, Gauntlet, Ice Cave and Volcano.

You collected 2742 gold pieces.
You spent 1739 gold pieces at shops.

Inventory:

Hand Weapons
 e - a +7 scythe of electrocution
 E - a +4 trident of venom
 Z - the +8 glaive of Harmony (weapon) {drain, rF+ MP+9 Int-2}
   (You acquired it on level 13 of the Dungeon)

   Int:       It affects your intelligence (-2).
   rF:        It protects you from fire.
   MP:        It affects your magic capacity (+9).
Armour
 a - the +6 scale mail "Souginod" {Will+}
   (You bought it in a shop on level 2 of the Orcish Mines)

   Will:      It increases your willpower.
 c - a +0 helmet (worn)
 i - a +0 pair of boots (worn)
 m - the +6 ice dragon scales "Waetaub" (worn) {rF- rC++ Int+2}
   (You found it in an ice cave)

   Int:       It affects your intelligence (+2).
   rF:        It makes you vulnerable to fire.
   rC:        It greatly protects you from cold.
 F - a +2 pair of gloves (worn)
 P - a +4 ring mail of fire resistance
 R - the +2 cloak of the Modern Violins (worn) {rPois Dex+4}
   (You found it in a Gauntlet)

   Dex:       It affects your dexterity (+4).
   rPois:     It protects you from poison.
Jewellery
 b - a ring of positive energy
 d - a ring of resist corrosion
 r - the ring of Nalirchia {rN++ Int+6 Slay+3}
   (You found it in an ice cave)

   [ring of intelligence]

   Int:       It affects your intelligence (+6).
   Slay:      It affects your accuracy & damage with ranged weapons and melee
   (+3).
   rN:        It greatly protects you from negative energy.
 w - a ring of flight
 x - a ring of fire
 C - a +5 ring of evasion (right hand)
 D - the ring of Ysejooxyh {+Blink Dex+6}
   (You found it in an ice cave)

   [ring of dexterity]

   Dex:       It affects your dexterity (+6).
   +Blink:    It lets you blink.
 G - an amulet of faith (around neck)
 H - a ring of ice
 L - a ring of willpower
 T - the ring "Ojoima" (left hand) {rPois rF+ rC+}
   (You took it off a minotaur in a Gauntlet)

   [ring of protection from fire]

   rF:        It protects you from fire.
   rC:        It protects you from cold.
   rPois:     It protects you from poison.
Wands
 l - a wand of iceblast (13)
 t - a wand of mindburst (13) (quivered)
 K - a wand of polymorph (6)
 Q - a wand of flame (52)
 W - a wand of charming (12)
Scrolls
 f - a scroll of torment
 g - 2 scrolls of butterflies
 h - 2 scrolls of brand weapon
 o - 2 scrolls of silence
 p - 5 scrolls of immolation
 s - 3 scrolls of amnesia
 u - 17 scrolls of teleportation {teleport, unknown}
 y - 3 scrolls of fog
 A - 5 scrolls of vulnerability
 J - 2 scrolls of fear
 S - 2 scrolls of identify
 U - a scroll of blinking
Potions
 j - 3 potions of brilliance
 k - 7 potions of curing
 n - 2 potions of flight
 q - 5 potions of magic
 v - 6 potions of attraction
 z - 2 potions of might
 I - a potion of resistance
 M - 2 potions of berserk rage
 N - 3 potions of invisibility
 O - 2 potions of cancellation {unknown}
 V - 7 potions of mutation
 X - a potion of heal wounds
Miscellaneous
 B - a lightning rod (3/4)


   Skills:
 - Level 11.1 Fighting
 + Level 20.6 Polearms
 - Level 2.0 Throwing
 - Level 5.8 Armour
 - Level 9.8 Dodging
 - Level 3.0 Shields
 - Level 4.5 Spellcasting
 - Level 7.0 Conjurations
 - Level 7.0 Translocations
 - Level 4.2 Air Magic
 - Level 11.0 Invocations
 - Level 3.8 Evocations


You had 13 spell levels left.
You knew the following spells:

 Your Spells              Type           Power      Damage    Failure   Level
a - Confusing Touch       Hex            2%         N/A       93%         3
b - Mephitic Cloud        Conj/Pois/Air  11%        N/A       45%         3
c - Ignite Poison         Fire/Tmut/Pois 2%         N/A       93%         3
d - Apportation           Tloc           38%        N/A       4%          1
e - Blink                 Tloc           38%        N/A       7%          2

Your spell library contained the following spells:

 Spells                   Type           Power      Damage    Failure   Level
 Magic Dart               Conj           76%        1d6       4%          1
 Lesser Beckoning         Tloc           38%        N/A       7%          2
 Shock                    Conj/Air       64%        1d7       8%          1
 Static Discharge         Conj/Air       32%        2-4/arc   12%         2
 Gell's Gravitas          Tloc           19%        N/A       13%         3
 Teleport Other           Tloc           19%        N/A       13%         3
 Kiss of Death            Conj/Necr      44%        2d8       19%         1
 Vhi's Electric Charge    Tloc/Air       32%        N/A       22%         3
 Swiftness                Air            12%        N/A       38%         3
 Iskenderun's Mystic Bla  Conj/Tloc      19%        2d6       41%         4
 Manifold Assault         Tloc           19%        N/A       41%         4
 Passage of Golubria      Tloc           19%        N/A       41%         4
 Kindle Blastsparks       Fire/Tloc/Air  22%        2d11      45%         3
 Dazzling Flash           Conj/Hex       22%        N/A       50%         3
 Necrotise                Necr           8%         1d4       61%         1
 Summon Small Mammal      Summ           8%         N/A       61%         1
 Call Imp                 Summ           2%         N/A       75%         2
 Passwall                 Tmut/Erth      1%         N/A       75%         2
 Sublimation of Blood     Necr           2%         N/A       75%         2
 Wereblood                Tmut           2%         N/A       75%         2
 Airstrike                Air            6%         2d(1-17)  80%         4
 Flame Wave               Conj/Fire      11%        2d6       88%         4
 Sticky Flame             Conj/Fire      11%        2d3       88%         4
 Arcjolt                  Conj/Air       8%         1d18      91%         5
 Lightning Bolt           Conj/Air       8%         1d20      91%         5
 Inner Flame              Hex/Fire       2%         N/A       93%         3
 Ozocubu's Armour         Ice            2%         N/A       93%         3
 Summon Lightning Spire   Summ/Air       7%         N/A       97%         4
 Freezing Cloud           Conj/Ice/Air   5%         6-21      99%         5
 Irradiate                Conj/Tmut      5%         3d13      99%         5
 Dispel Undead            Necr           2%         3d7       100%        4
 Petrify                  Tmut/Erth      2%         N/A       100%        4
 Summon Ice Beast         Ice/Summ       2%         N/A       100%        4
 Agony                    Necr           2%         N/A       100%        5
 Alistair's Intoxication  Tmut/Pois      1%         N/A       100%        5
 Silence                  Hex/Air        3%         N/A       100%        5
 Starburst                Conj/Fire      5%         6d4       100%        6
 Statue Form              Tmut/Erth      1%         N/A       100%        6
 Summon Cactus Giant      Summ           1%         N/A       100%        6
 Ozocubu's Refrigeration  Ice            1%         4d7       100%        7
 Storm Form               Tmut/Air       3%         N/A       100%        7
 Summon Hydra             Summ           1%         N/A       100%        7
 Lehudib's Crystal Spear  Conj/Erth      5%         10d3      100%        8
 Maxwell's Capacitive Co  Air            6%         ∞         100%        8


Dungeon Overview and Level Annotations

Branches:
Dungeon (15/15)            Temple (1/1) D:7            Lair (5/5) D:11
 Shoals (0/4) Lair:3        Snake (0/4) Lair:2        Slime (0/5) Lair:5
    Orc (2/2) D:10            Elf (2/3) Orc:2        Vaults (0/5) D:14
 Depths (0/4) D:15        Ossuary (visited)          Bailey (visited)
  IceCv (visited)         Volcano (visited)         Gauntlet (visited)

Altars:
Ashenzari
Cheibriados
Dithmenos
Elyvilon
Fedhas
Gozag
Hepliaklqana
Kikubaaqudgha
Makhleb
Nemelex Xobeh
Okawaru
Qazlal
Ru
Sif Muna
Trog
Uskayaw
Vehumet
Wu Jian
Xom
Yredelemnul
Zin
The Shining One
Jiyva
Lugonu

Shops:
D:8 :   D:9 *   D:10 :   Orc:2 [(!

Portals:
Abyss: Lair:5

Annotations:
D:8 2 transporters, Pascal76's ghost, novice MiBe
D:9 1 runed translucent door, NoOffense's ghost, novice TrMo
D:10 Erolcha
Lair:2 1 runed translucent door, Gocuberat's ghost, adept GrEE
Lair:4 1 runed translucent door, Dutolum's ghost, journeyman AtFi


Message History

Here: a +1 antimagic glaive The floor.
Unknown command.
Unknown command.
Unknown command.
Unknown command.
The deep elf zephyrmancer casts a spell.
The deep elf zephyrmancer blinks!
The deep elf zephyrmancer gestures wildly while chanting.
The deep elf zephyrmancer blinks!
The deep elf zephyrmancer hits you but does no damage.
Unknown command.
The deep elf zephyrmancer attacks as you move away!
The deep elf zephyrmancer completely misses you.
Unknown command.
The deep elf zephyrmancer mumbles some strange words.
The deep elf zephyrmancer blinks!
There is a stone staircase leading up here.
Unknown command.
The deep elf zephyrmancer gestures at you while chanting.
The bolt of lightning hits you!!
* * * LOW HITPOINT WARNING * * *
You hear a shout!
You climb upwards.
There is a stone staircase leading down here.
Unknown command.
You slash the deep elf zephyrmancer!
The deep elf zephyrmancer is heavily wounded.
Unknown command.
You slash the deep elf zephyrmancer!
The deep elf zephyrmancer is almost dead.
The deep elf zephyrmancer gestures at you while chanting.
The bolt of lightning misses you.
Unknown command.
You closely miss the deep elf zephyrmancer.
The deep elf zephyrmancer is almost dead.
The deep elf zephyrmancer gestures at you while chanting.
The bolt of lightning hits you!!!
You die...
Your body glows slightly and disappears.

#...#.........#..#......#..#.
#...#........)#..#......#..#.
#...#.........'..#......#..#)
#...########'##..#......#..#.
#................#......#..#.
#................#......#..#.
#...###########..#......#..#)
#...#.......e.#..#......#..#.
#...#.......@.#..#......#..#.
#...#.........#..#......#..#.
#...'...#+#...#.?#......#..#.
#...#...#.#...#..#......#..#.
#...#...#.'...#..#......'..#.
#...#...#.#...#..#......#..'.
#...#...#.#...'..#......#..#.
#...#...###...#..#......#).#.
#...#.........#..#......#..#.


You could see a deep elf zephyrmancer.

Vanquished Creatures
  Rupert (D:15)
  2 tentacled starspawn (Abyss:2)
  A rockslime (IceCv)
  3 azure jellies (IceCv)
  A deep elf sorcerer (Elf:1)
  5 quicksilver oozes (IceCv)
  A deep elf elementalist (Elf:1)
  A minotaur (Gauntlet)
  A bunyip (Lair:3)
  An ettin (Lair:3)
  Josephine (D:9)
  A deep elf high priest (Elf:1)
  3 vault guards (D:14)
  A hydra (D:13)
  A death knight (D:14)
  An alligator (shapeshifter) (D:15)
  4 centaur warriors
  A two-headed ogre (D:11)
  A catoblepas (D:14)
  2 boulder beetles
  3 dancing weapons
  3 tengu warriors
  An orc high priest (Orc:2)
  4 thrashing horrors
  4 deep elf knights
  A wretched star (Abyss:2)
  5 skeletal warriors (D:15)
  2 sixfirhies
  A deep troll (D:15)
  A death drake (shapeshifter) (D:15)
  2 orange crystal statues (IceCv)
  5 deep elf archers (Elf:1)
  2 wizards
  A phantasmal warrior (D:15)
  3 orc knights
  19 deep elf zephyrmancers
  A harpy (shapeshifter) (D:13)
  3 cyclopes
  16 deep elf pyromancers
  4 orc sorcerers (Orc:2)
  11 ugly things
  A salamander (Orc:2)
  4 manticores
  2 merfolk sirens (Lair:3)
  A demonic crawler (Abyss:2)
  An apocalypse crab (Abyss:2)
  A guardian serpent (shapeshifter) (Elf:2)
  3 black mambas
  An orange demon (Abyss:2)
  A gargoyle (Volcano)
  4 smoke demons
  A large abomination (Abyss:2)
  9 cane toads
  2 efreet
  A hellion (Abyss:2)
  3 unseen horrors
  4 yaktaurs (D:15)
  A freezing wraith (D:15)
  Maggie (D:10)
  3 kobold demonologists
  5 komodo dragons
  A tengu conjurer (D:14)
  A meliai (Orc:2)
  A troll (shapeshifter) (Lair:5)
  An ancient zyme (Lair:5)
  4 trolls
  A merfolk (Lair:3)
  2 tyrant leeches
  A raiju (shapeshifter) (D:14)
  24 blink frogs
  16 slime creatures
  2 shadows
  A vampire (D:14)
  A water elemental (Abyss:2)
  Sigmund (D:3)
  3 ynoxinuls
  An air elemental (Elf:1)
  2 starcursed masses (Abyss:2)
  8 wraiths
  6 wyverns
  5 fire elementals
  34 yaks
  A golden eye (Gauntlet)
  A redback (Orc:1)
  A golden eye (shapeshifter) (Lair:5)
  8 basilisks
  2 neqoxecs (Abyss:2)
  9 humans (D:14)
  3 swamp worms (Gauntlet)
  A chaos spawn (Abyss:2)
  5 steam dragons
  2 nagas
  3 vampire mosquitoes (D:11)
  4 wargs (Orc:2)
  10 small abominations
  5 hell hounds (Abyss:2)
  14 water moccasins
  35 orc warriors
  2 swamp drakes (Orc:1)
  3 ice beasts
  2 sky beasts
  4 great orb of eyes simulacra (IceCv)
  5 black bears
  7 ogres
  2 boggarts
  10 centaurs
  A phantom (D:5)
  3 slime creature simulacra (IceCv)
  2 elf zombies (Ossuary)
  A kobold brigand (D:7)
  8 bullfrogs
  A gnoll sergeant (D:10)
  2 glowing shapeshifter simulacra (IceCv)
  3 earth elementals
  2 scorpions
  8 wights
  11 killer bees
  3 howler monkeys
  8 jellies
  A human zombie (Ossuary)
  3 hounds
  A gnoll bouda (D:8)
  22 orc priests
  34 orc wizards
  An iguana (D:4)
  2 mummies (Ossuary)
  6 adders
  18 gnolls
  A shadow imp (D:6)
  4 ufetubi
  5 dart slugs
  106 orcs
  9 endoplasms
  6 giant cockroaches
  5 gnoll zombies (Ossuary)
  8 goblins
  7 hobgoblins
  4 jackals
  21 kobolds
  A quokka (D:4)
  5 ball pythons
  5 bats
  5 frilled lizards
  3 goblin zombies
  2 hobgoblin zombies (Ossuary)
  2 orc zombies (Ossuary)
  A quokka zombie (D:8)
  4 rats
  A starspawn tentacle (Abyss:2)
775 creatures vanquished.

Vanquished Creatures (collateral kills)
  A balrug (Abyss:2)
  A stone giant (Volcano)
  A hydra (Lair:5)
  A death knight (D:15)
  A centaur warrior (D:15)
  2 tengu warriors (D:15)
  A deep elf knight (Elf:1)
  An ugly thing (D:15)
  An apocalypse crab (D:14)
  A gargoyle (D:12)
  2 cane toads
  A komodo dragon (Lair:5)
  An ancient zyme (Lair:5)
  A troll (D:11)
  A large abomination (Abyss:2)
  A wind drake (Orc:2)
  2 blink frogs (Lair:5)
  3 raiju (Abyss:2)
  A spriggan (Lair:5)
  3 yaks (Lair:4)
  A starcursed mass (Abyss:2)
  A water moccasin (Lair:5)
  4 small abominations
  An earth elemental (Volcano)
  A kobold (D:11)
35 creatures vanquished.

Vanquished Creatures (others)
  A human (Gauntlet)
  2 orcs (D:10)
  14 demonic plants (Gauntlet)
  30 fungi
  A lurking horror (Abyss:2)
  27 plants
  4 starspawn tentacles (Abyss:2)
  8 withered plants (D:11)
87 creatures vanquished.

Grand Total: 897 creatures vanquished

Notes
Turn   | Place    | Note
-------+----------+-------------------------------------------
     0 | D:1      | Lavandula the Human Gladiator began the quest for the Orb.
     0 | D:1      | Reached XP level 1. HP: 16/16 MP: 1/1
    81 | D:1      | Reached XP level 2. HP: 20/22 MP: 2/2
   235 | D:1      | Found a faded altar of an unknown god.
   347 | D:1      | Reached skill level 4 in Polearms
   347 | D:1      | Reached XP level 3. HP: 27/27 MP: 3/3
  1020 | D:2      | Reached XP level 4. HP: 33/33 MP: 4/4
  1450 | D:2      | Reached skill level 5 in Polearms
  1752 | D:3      | Noticed Sigmund
  1781 | D:3      | Reached XP level 5. HP: 38/38 MP: 5/5
  1839 | D:3      | Killed Sigmund
  1840 | D:3      | Reached skill level 6 in Polearms
  1840 | D:3      | Reached XP level 6. HP: 29/44 MP: 6/6
  1879 | D:3      | Noticed an ogre
  2125 | D:3      | Killed an ogre
  2126 | D:3      | Reached skill level 7 in Polearms
  2126 | D:3      | Reached XP level 7. HP: 38/50 MP: 7/7
  2992 | D:4      | Reached skill level 8 in Polearms
  3314 | D:4      | Reached XP level 8. HP: 56/56 MP: 8/8
  3465 | D:4      | Reached skill level 9 in Polearms
  3774 | D:5      | Entered Level 5 of the Dungeon
  3901 | D:5      | Found an ornate altar of the Wu Jian Council.
  3903 | D:5      | Found a glowing silver altar of Zin.
  3903 | D:5      | Found a hazy altar of Hepliaklqana.
  3903 | D:5      | Found a broken altar of Ashenzari.
  3910 | D:5      | Found a radiant altar of Vehumet.
  3915 | D:5      | Found a basalt altar of Yredelemnul.
  4806 | D:6      | Reached skill level 1 in Armour
  4959 | D:6      | Reached skill level 10 in Polearms
  4963 | D:6      | Learned a level 3 spell: Confusing Touch
  5073 | D:6      | Found a bloodstained altar of Trog.
  5098 | D:6      | Reached XP level 9. HP: 62/62 MP: 9/9
  5291 | D:6      | Reached skill level 11 in Polearms
  5614 | D:6      | Noticed a kobold demonologist
  5626 | D:6      | Noticed a red devil
  5631 | D:6      | Killed a kobold demonologist
  6079 | D:6      | Reached skill level 12 in Polearms
  6402 | D:7      | Reached XP level 10. HP: 67/68 MP: 10/10
  6426 | D:7      | Found a staircase to the Ecumenical Temple.
  6438 | Temple   | Entered the Ecumenical Temple
  7110 | D:7      | Reached skill level 13 in Polearms
  7281 | D:8      | Found a sand-covered staircase.
  7290 | Ossuary  | Entered an ossuary
  7599 | D:8      | Found a shadowy altar of Dithmenos.
  7627 | D:8      | Found a flagged portal.
  7642 | Bailey   | Entered a bailey
  7706 | Bailey   | Noticed an orc knight
  7970 | D:8      | Reached skill level 5 in Armour
  8123 | D:8      | Found a sparkling altar of Nemelex Xobeh.
  8137 | D:8      | Became a worshipper of Nemelex Xobeh the Trickster
  8238 | D:8      | Noticed a catoblepas
  8241 | D:8      | Found a transporter.
  8241 | D:8      | Noticed Pascal76's ghost (novice MiBe)
  8241 | D:8      | Noticed a gargoyle
  8280 | D:8      | Found a burning altar of Makhleb.
  8481 | D:8      | Found a transporter.
  8524 | D:8      | Found Azanopra's Book Emporium.
  8912 | D:9      | Reached XP level 11. HP: 41/78 MP: 11/11
  9035 | D:9      | Found a runed translucent door.
  9055 | D:9      | Noticed NoOffense's ghost (novice TrMo)
  9067 | D:9      | Found Renwoq's Assorted Antiques.
  9075 | D:9      | Bought a scroll labelled IBYURIS KIOFYA for 34 gold pieces
  9075 | D:9      | Bought a scroll labelled TAGHAF XOCLI for 34 gold pieces
  9075 | D:9      | Bought a glass ring for 170 gold pieces
  9075 | D:9      | Bought a runed trident for 221 gold pieces
  9097 | D:9      | Reached skill level 5 in Fighting
  9108 | D:9      | Reached skill level 14 in Polearms
  9231 | D:8      | Learned a level 3 spell: Mephitic Cloud
  9252 | D:8      | Learned a level 3 spell: Ignite Poison
  9740 | D:9      | Reached skill level 1 in Conjurations
  9916 | D:10     | Entered Level 10 of the Dungeon
 10019 | D:10     | Reached * piety under Nemelex Xobeh
 10024 | D:10     | Found an iron altar of Okawaru.
 10042 | D:10     | Found Tuerph's Book Shop.
 10157 | D:10     | Received a gift from Nemelex Xobeh
 10297 | D:10     | Found a shimmering altar of Xom.
 10404 | D:10     | Noticed Josephine
 10420 | D:9      | Killed Josephine
 10421 | D:9      | Reached skill level 5 in Conjurations
 10607 | D:10     | Noticed Erolcha
 10856 | D:11     | Noticed a two-headed ogre
 10879 | D:11     | Killed a two-headed ogre
 10935 | D:11     | Found an ancient bone altar of Kikubaaqudgha.
 11130 | D:12     | Noticed a cyclops
 11144 | D:12     | Killed a cyclops
 11176 | D:12     | Received a gift from Nemelex Xobeh
 11195 | D:12     | Reached ** piety under Nemelex Xobeh
 11318 | D:12     | Identified the +2 flail of Okawaru's Reproof {freeze, rPois
                  | rC+ Dex-3 SInv}
 11498 | D:12     | Reached skill level 1 in Invocations
 11610 | D:12     | Received a gift from Nemelex Xobeh
 11689 | D:12     | Noticed a boulder beetle
 11700 | D:12     | Killed a boulder beetle
 11701 | D:12     | Reached XP level 12. HP: 86/86 MP: 11/14
 12186 | D:11     | Noticed a sun demon
 12212 | D:11     | Reached skill level 5 in Invocations
 12437 | D:11     | Found a staircase to the Lair.
 12781 | D:11     | Identified a scroll of acquirement
 12785 | D:11     | Acquired a manual of Fire Magic
 12846 | Lair:1   | Entered Level 1 of the Lair of Beasts
 12854 | Lair:1   | Received a gift from Nemelex Xobeh
 12856 | Lair:1   | Reached *** piety under Nemelex Xobeh
 12887 | Lair:1   | Found a white marble altar of Elyvilon.
 13289 | Lair:1   | Received a gift from Nemelex Xobeh
 13682 | Lair:2   | Reached **** piety under Nemelex Xobeh
 13732 | Lair:2   | Received a gift from Nemelex Xobeh
 14137 | Lair:2   | Found a runed translucent door.
 14142 | Lair:2   | Found a shimmering altar of Xom.
 14142 | Lair:2   | Noticed Gocuberat's ghost (adept GrEE)
 14143 | Lair:2   | Found a staircase to the Snake Pit.
 14265 | Lair:2   | Noticed a +6 broad axe of chaos
 14552 | Lair:3   | Received a gift from Nemelex Xobeh
 14660 | Lair:3   | Found a dark tunnel.
 14665 | Volcano  | Entered a volcano
 14824 | Volcano  | Noticed a stone giant
 14840 | Volcano  | Killed a stone giant
 14841 | Volcano  | Reached skill level 10 in Invocations
 15303 | Lair:3   | Noticed an eight-headed hydra
 15304 | Lair:3   | Fuck, does invocations count as magic skills?
 15304 | Lair:3   | According to wiki, it does.
 15304 | Lair:3   | But I just checked the leaderboard, and most people who did
                  | the challenge have their invo higher than hexes
 15304 | Lair:3   | For example
 15304 | Lair:3   | https://crawl.project357.org/morgue/Wizard1ke/morgue-Wizard
                  | 1ke-20230226-201951.txt
 15304 | Lair:3   | https://cbro.berotato.org/morgue/agentchuck/morgue-agentchu
                  | ck-20210215-025946.txt
 15304 | Lair:3   | https://crawl.kelbi.org/crawl/morgue/AbyssCosplay/morgue-Ab
                  | yssCosplay-20211211-085613.txt
 15304 | Lair:3   | So, I assume it doesn't.
 15310 | Lair:3   | an eight-headed hydra changed into a bunyip
 15310 | Lair:3   | Noticed a bunyip
 15330 | Lair:3   | Killed a bunyip
 15331 | Lair:3   | Reached XP level 13. HP: 61/92 MP: 19/21
 15337 | Lair:3   | Noticed an eight-headed hydra
 15351 | Lair:3   | an eight-headed hydra changed into an ettin
 15351 | Lair:3   | Noticed an ettin
 15368 | Lair:3   | Killed an ettin
 15369 | Lair:3   | Reached skill level 5 in Dodging
 15685 | Lair:3   | Received a gift from Nemelex Xobeh
 16002 | Lair:3   | Found a staircase to the Shoals.
 16595 | Lair:3   | Received a gift from Nemelex Xobeh
 16866 | Lair:4   | Reached ***** piety under Nemelex Xobeh
 16998 | Lair:4   | Received a gift from Nemelex Xobeh
 17062 | Lair:4   | Found a gate leading to a gauntlet.
 17182 | Lair:4   | Found a runed translucent door.
 17183 | Lair:4   | Noticed Dutolum's ghost (journeyman AtFi)
 17238 | Gauntlet | Entered a Gauntlet
 17238 | Gauntlet | Found a transporter.
 17249 | Gauntlet | Found a transporter.
 17251 | Gauntlet | Found a transporter.
 17274 | Gauntlet | Found a transporter.
 17279 | Gauntlet | Found a transporter.
 17287 | Gauntlet | Found a transporter.
 17302 | Gauntlet | Found a transporter.
 17322 | Gauntlet | Found a transporter.
 17334 | Gauntlet | Found a transporter.
 17346 | Gauntlet | Found a transporter.
 17354 | Gauntlet | Noticed a five-headed hydra
 17358 | Gauntlet | Found a transporter.
 17358 | Gauntlet | Received a gift from Nemelex Xobeh
 17370 | Gauntlet | Found a transporter.
 17387 | Gauntlet | Found a transporter.
 17405 | Gauntlet | Found a transporter.
 17407 | Gauntlet | Found a transporter.
 17432 | Gauntlet | Found a transporter.
 17434 | Gauntlet | Found a transporter.
 17449 | Gauntlet | Found a transporter.
 17945 | Gauntlet | Reached skill level 1 in Shields
 17952 | Gauntlet | Identified the +2 cloak of the Modern Violins {rPois Dex+4}
 17996 | Gauntlet | Identified the ring "Ojoima" {rPois rF+ rC+}
 17996 | Gauntlet | Noticed a minotaur
 17998 | Gauntlet | Killed a minotaur
 18313 | Lair:5   | Entered Level 5 of the Lair of Beasts
 18334 | Lair:5   | Noticed a seven-headed hydra
 18344 | Lair:5   | Killed a seven-headed hydra
 18404 | Lair:5   | Reached XP level 14. HP: 101/103 MP: 22/22
 18673 | Lair:5   | Received a gift from Nemelex Xobeh
 18778 | Lair:5   | Found a viscous altar of Jiyva.
 18859 | Lair:5   | Found a staircase to the Slime Pits.
 18916 | Lair:5   | Received a gift from Nemelex Xobeh
 18918 | Lair:5   | Got the Cyclopedia of the Gestalt and the Quake
 19362 | Lair:5   | Reached skill level 10 in Fighting
 19845 | Lair:5   | Got the Vellum of Superiority
 20034 | Lair:5   | Found a corrupted altar of Lugonu.
 20034 | Lair:5   | Found a one-way gate to the infinite horrors of the Abyss.
 20326 | D:13     | Acquired the +8 glaive of Harmony {drain, rF+ MP+9 Int-2}
 20374 | D:13     | Received a gift from Nemelex Xobeh
 20447 | D:13     | a boulder beetle changed into a spark wasp
 20447 | D:13     | Noticed a spark wasp
 20447 | D:13     | a spark wasp changed into a manticore
 20779 | D:13     | Received a gift from Nemelex Xobeh
 21167 | D:13     | Found a runed translucent door.
 21567 | D:10     | Found a white marble altar of Elyvilon.
 21714 | D:10     | Received a gift from Nemelex Xobeh
 21743 | D:10     | Noticed Maggie
 21778 | D:10     | Killed Maggie
 21839 | D:10     | Found a staircase to the Orcish Mines.
 22106 | Orc:1    | Entered Level 1 of the Orcish Mines
 22151 | Orc:1    | Reached skill level 15 in Polearms
 22230 | Orc:2    | Entered Level 2 of the Orcish Mines
 22658 | Orc:2    | Paralysed by an orc sorcerer for 4 turns
 22665 | Orc:2    | Reached XP level 15. HP: 118/118 MP: 23/23
 22701 | Orc:2    | Found Rathiofi's Antique Weapon Emporium.
 22827 | Orc:2    | Received a gift from Nemelex Xobeh
 23359 | Orc:2    | Noticed an orc warlord
 23363 | Orc:2    | an orc warlord changed into a dire elephant
 23483 | Orc:2    | Reached skill level 16 in Polearms
 23543 | Orc:2    | Found a staircase to the Elven Halls.
 23547 | Orc:2    | Received a gift from Nemelex Xobeh
 23596 | Orc:2    | Found Sezanuh's Distillery.
 23622 | Orc:2    | Bought a potion of heal wounds for 70 gold pieces
 23622 | Orc:2    | Bought a potion of curing for 42 gold pieces
 23820 | Orc:2    | Received a gift from Nemelex Xobeh
 23892 | Orc:2    | Found Wumikk's Antique Weapon Shop.
 23894 | Orc:2    | Found Itujuhox's Antique Armour Boutique.
 24027 | Orc:2    | Bought a glowing hat for 161 gold pieces
 24027 | Orc:2    | Bought a faintly humming scale mail for 207 gold pieces
 24027 | Orc:2    | Identified the +6 scale mail "Souginod" {Will+} (You bought
                  | it in a shop on level 2 of the Orcish Mines)
 24042 | Orc:2    | Bought an embroidered scarf for 184 gold pieces
 24210 | D:8      | Bought an Inescapable Atlas for 448 gold pieces
 24210 | D:8      | Bought a book of Cantrips for 168 gold pieces
 24212 | D:8      | Learned a level 1 spell: Apportation
 24215 | D:8      | Learned a level 2 spell: Blink
 24625 | D:14     | Reached skill level 17 in Polearms
 24627 | D:14     | Received a gift from Nemelex Xobeh
 24788 | D:14     | Found a frozen archway.
 24802 | IceCv    | Entered an ice cave
 24830 | IceCv    | Noticed a quicksilver ooze
 24843 | IceCv    | Killed a quicksilver ooze
 24932 | IceCv    | Noticed a quicksilver ooze
 24941 | IceCv    | Killed a quicksilver ooze
 24975 | IceCv    | Noticed a quicksilver ooze
 24981 | IceCv    | Killed a quicksilver ooze
 25016 | IceCv    | Identified the +6 ice dragon scales "Waetaub" {rF- rC++
                  | Int+2}
 25193 | IceCv    | Noticed an azure jelly
 25240 | IceCv    | Reached skill level 18 in Polearms
 25285 | IceCv    | Noticed a quicksilver ooze
 25349 | IceCv    | Noticed an azure jelly
 25349 | IceCv    | Noticed a quicksilver ooze
 25349 | IceCv    | Noticed an azure jelly
 25351 | IceCv    | Noticed an azure jelly
 25360 | IceCv    | Noticed an azure jelly
 25362 | IceCv    | Killed an azure jelly
 25367 | IceCv    | Killed an azure jelly
 25372 | IceCv    | Noticed a quicksilver ooze
 25378 | IceCv    | Killed a quicksilver ooze
 25474 | IceCv    | Noticed a rockslime
 25479 | IceCv    | Killed a rockslime
 25480 | IceCv    | Reached XP level 16. HP: 123/125 MP: 24/24
 25485 | IceCv    | Noticed an azure jelly
 25493 | IceCv    | Killed an azure jelly
 25501 | IceCv    | Found a viscous altar of Jiyva.
 25586 | IceCv    | Identified the ring of Nalirchia {rN++ Int+6 Slay+3}
 25588 | IceCv    | Identified the ring of Ysejooxyh {+Blink Dex+6}
 25823 | D:14     | Found a gate to the Vaults.
 25827 | D:14     | Identified the +2 kite shield "Zogef" {Rampage rPois rC+
                  | rCorr}
 25987 | D:15     | Entered Level 15 of the Dungeon
 26010 | D:15     | Reached skill level 1 in Translocations
 26089 | D:15     | Identified the -1 quarterstaff of a ziggurat {protect,
                  | Str+9}
 26102 | D:15     | Reached skill level 5 in Translocations
 26467 | Abyss:2  | Received a gift from Nemelex Xobeh
 26467 | Abyss:2  | Cast into level 2 of the Abyss (a wizard)
 26568 | Abyss:2  | Found a corrupted altar of Lugonu.
 26576 | Abyss:2  | Noticed a tentacled starspawn
 26585 | Abyss:2  | Killed a tentacled starspawn
 26604 | Abyss:2  | Noticed a tentacled starspawn
 26611 | Abyss:2  | Killed a tentacled starspawn
 26646 | Abyss:2  | Reached skill level 1 in Spellcasting
 26718 | Abyss:2  | Received a gift from Nemelex Xobeh
 27124 | D:15     | Escaped the Abyss
 27377 | D:15     | an iron troll changed into a quicksilver dragon
 27377 | D:15     | Noticed a quicksilver dragon (glowing shapeshifter)
 27381 | D:15     | a quicksilver dragon changed into an iron troll
 27392 | D:15     | Noticed a fire giant
 27402 | D:15     | a fire giant changed into a dire elephant
 27421 | D:15     | Found a staircase to the Depths.
 27557 | D:15     | Received a gift from Nemelex Xobeh
 27589 | D:15     | Reached skill level 19 in Polearms
 27660 | D:15     | Noticed Rupert
 27666 | D:15     | Paralysed by Rupert for 2 turns
 27670 | D:15     | Killed Rupert
 28248 | Elf:1    | Entered Level 1 of the Elven Halls
 28439 | Elf:1    | Paralysed by an air elemental for 1 turns
 28445 | Elf:1    | Paralysed by an air elemental for 1 turns
 28451 | Elf:1    | Paralysed by a floating eye for 3 turns
 28457 | Elf:1    | Reached XP level 17. HP: 66/131 MP: 25/25
 28466 | Elf:1    | Reached skill level 1 in Evocations
 28688 | Elf:1    | Received a gift from Nemelex Xobeh
 29967 | Elf:1    | Received a gift from Nemelex Xobeh
 30064 | Elf:1    | Reached skill level 20 in Polearms
 30757 | Elf:1    | Killed from afar by a deep elf zephyrmancer

Illustrated notes

,,*,,,,,,,,,,,.......#.....###.##
,,,,,,,,,,**,,,P..##......#...#.#
*,,,,,,*,,*,,,,P**###.##P........
~,,,~,~~,~,*,***###.P.####.P.#...
~,,,,,~,~,,,,*~~#................
,,~~~,,,,,~,**~##.............#..
~~~~~~~~~~~~~~~#....≈≈≈≈.###.....
,,~~~~~~~~~~~~*#....≈....##...#..
~,,,,~~,~~,,***#@...≈≈≈≈.##...P.#
~,,,,,,,,~..S..?.>.......#≈.....(
*,,,*,*,,.....###.....≈≈≈≈≈......
,,,,*,,,,D...,,*#......≈.....P...
,,,,*,,,,...,,,,...##..≈≈≈≈P###..
,,,***,,,..,,,,,...#*..P..##* #.#
**,,***,,.,**,,,....,,...,** #.*
*,,*,**,,,,,*,,**.##.,**,*,* **,*
,*,,*,,,,,,**,,,*****,****** *,,,


Turn 15304 on Lair:3: Fuck, does invocations count as magic skills?

Levels and vault maps discovered:
D:1:      lemuel_arrival_behind_the_door_small, layout_basic,
          shapermc_ecumenical_altar_mp_highgroup, serial_bayou_pond_c
D:2:      layout_rooms, grunt_ministairs_5
D:3:      layout_loops_ring, uniq_sigmund
D:4:      minmay_polygon_palace, layout_cave_pools
D:5:      layout_basic, minmay_overflow_temple_hex
D:6:      layout_gridville, trog_antimagical, minmay_three_doors
D:7:      layout_rooms, minmay_temple_entry_grid
D:8:      layout_loops_ring, amcnicky_altar_gilded,
          nemelex_diamond_rough_becter, grunt_dithmenos_smoke_and_mirrors,
          enter_bailey_7, enter_ossuary_4, gammafunk_ghost_arena, serial_shops,
          shop
D:9:      layout_loops_ring, serial_shops, shop, ebering_ghost_reflecting_pool
D:10:     layout_basic, okawaru_gym_becter, elyvilon_altar_3, xom_teletrap_fun,
          david_orc_4, serial_shops, shop, uniq_maggie, uniq_josephine,
          uniq_erolcha
D:11:     layout_gridville, lair_entry_dummy, reono_crystal_passage,
          kiku_gazebo_garden_becter
D:12:     layout_loops_ring
D:13:     cheibrodos_shockbox, layout_irregular_city
D:14:     layout_cave_pools, ximxim_vaults_locker_room, minivault_24,
          portal_ice_cave_entry_pillars_four, minmay_orc_keep
D:15:     hangedman_depths_entry_civil_slaughter, layout_irregular_city,
          uniq_rupert
Temple:   dpeg_three_leaves_temple
Lair:1:   layout_hall_layers, basic_altar, grunt_megastairs_2
Lair:2:   layout_hall_layers, guppyfry_snake_entry_island, ebering_ghost_xom
Lair:3:   layout_loops_ring, elwin_shoals_entry_rooms, serial_rivers,
          chequers_serial_rivers_micro_d, chequers_serial_rivers_small_3,
          chequers_serial_rivers_micro_d, chequers_serial_rivers_micro_c,
          chequers_serial_rivers_large_b, chequers_serial_rivers_marsh,
          nicolae_volcano_entry_s_turn
Lair:4:   layout_roguey, gauntlet_entry_generic, ebering_ghost_inner_flame,
          grunt_megastairs_5
Lair:5:   hellmonk_lair_end_abyssal_woods, layout_loops_ring,
          nicolae_slime_entry_field_trip, serial_bayou_pond_c,
          nicolae_lair_grove_arrangements
Orc:1:    layout_caves, serial_shops, nicolae_shop_bloodbath_and_beyond,
          basic_altar
Orc:2:    grunt_orc_community_town_hall, layout_caves,
          grunt_orc_community_big_house_1, grunt_orc_community_big_house_1,
          grunt_orc_community_house_3, grunt_orc_community_house_3,
          grunt_orc_community_house_1, grunt_orc_community_house_2,
          grunt_orc_community_house_3, grunt_orc_community_house_2
Elf:1:    eino_elf_arrival_the_gate, layout_onion_city, hangedman_elf_represent
Elf:2:    elven_hall_of_blades_hangedman_original [grunt_blade_entry_basic],
          layout_rooms, st_stairs_7

Skill      XL: |  1  2  3  4  5  6  7  8  9 10 11 12 13 14 15 16 17 |
---------------+----------------------------------------------------+-----
Polearms       | 4 5 6 7 8 10 12 13 14 15 18 19 20 | 20.6
Armour         | 2 3 5 |  5.8
Fighting       | 3 4 5 7 11 | 11.1
Conjurations   | 7 |  7.0
Air Magic      | 4 |  4.2
Invocations    | 3 11 | 11.0
Dodging        | 9 |  9.8
Shields        | 3 |  3.0
Translocations | 7 |  7.0
Spellcasting   | 4 |  4.5
Evocations     | 3 |  3.8
Throwing       | |  2.0

Action                     |  1- 3 |  4- 6 |  7- 9 | 10-12 | 13-15 | 16-18 || total
---------------------------+-------+-------+-------+-------+-------+-------++-------
  Melee: Spear             |    51 |    26 |       |       |       |       ||    77
         Trident           |    69 |    21 |       |   457 |   821 |       ||  1368
         Halberd           |       |    47 |   228 |   271 |       |       ||   546
         Punch             |       |       |       |     7 |     1 |       ||     8
         Glaive            |       |       |       |       |   520 |   550 ||  1070
  Throw: Throwing net      |     6 |       |       |       |       |       ||     6
         Dart              |       |    12 |     8 |       |       |       ||    20
         Javelin           |       |     2 |     1 |       |       |       ||     3
         Boomerang         |       |       |     5 |       |       |       ||     5
   Cast: Mephitic Cloud    |       |       |       |     3 |     1 |     2 ||     6
         Blink             |       |       |       |       |       |     2 ||     2
 Invoke: Draw Destruction  |       |       |       |    24 |    17 |    10 ||    51
         Draw Summoning    |       |       |       |     5 |    10 |    10 ||    25
         Triple Draw       |       |       |       |     1 |     1 |     4 ||     6
         Deal Four         |       |       |       |       |    10 |     5 ||    15
         Draw Escape       |       |       |       |       |     1 |     4 ||     5
  Evoke: Wand              |       |     1 |     6 |    19 |     4 |       ||    30
         Lightning rod     |       |       |       |       |       |     4 ||     4
    Use: Potion            |       |     2 |     2 |     3 |     3 |     6 ||    16
         Scroll            |       |       |       |    22 |     9 |     3 ||    34
   Stab: Held in net/web   |     1 |       |       |       |       |       ||     1
         Invisible         |       |       |       |     2 |       |       ||     2
         Distracted        |       |       |       |     2 |     6 |     2 ||    10
         Petrified         |       |       |       |     3 |       |       ||     3
         Petrifying        |       |       |       |     2 |       |       ||     2
         Confused          |       |       |       |     1 |     1 |     1 ||     3
         Sleeping          |       |       |       |     1 |       |       ||     1
 Armour: Leather armour    |    30 |       |       |       |       |       ||    30
         Scale mail        |       |    22 |    91 |    59 |    56 |       ||   228
         Steam dragon scal |       |       |       |    39 |       |       ||    39
         Ring mail         |       |       |       |     3 |   186 |       ||   189
         Ice dragon scales |       |       |       |       |    30 |   177 ||   207
  Dodge: Dodged            |    72 |    42 |   101 |   272 |   792 |   300 ||  1579
  Block: Buckler           |       |       |       |       |   151 |       ||   151

Table legend: (Time is in decaauts)
 A = Elapsed time spent in this place.
 B = Non-inter-level travel time spent in this place.
 C = Inter-level travel time spent in this place.
 D = Time resting spent in this place.
 E = Time spent auto-exploring this place.
 F = Levels seen in this place.
 G = Mean time per level.
                   A        B        C        D        E       F      G
               +--------+--------+--------+--------+--------+-----+--------+
         Total |  30103 |  28369 |   1734 |   5590 |  15981 |  31 |  971.1 |
       Dungeon |  16595 |  15430 |   1165 |   3012 |   9124 |  15 | 1106.3 |
        Temple |     80 |     65 |     15 |      0 |     58 |   1 |   80.0 |
          Lair |   5918 |   5556 |    362 |    235 |   4409 |   5 | 1183.6 |
  Orcish Mines |   2333 |   2169 |    164 |    706 |    923 |   2 | 1166.5 |
   Elven Halls |   2132 |   2105 |     27 |    638 |    941 |   2 | 1066.0 |
         Abyss |    631 |    631 |      0 |    237 |      0 |   1 |  631.0 |
       Ossuary |    226 |    226 |      0 |      0 |    146 |   1 |  226.0 |
        Bailey |     80 |     80 |      0 |      0 |     36 |   1 |   80.0 |
      Ice Cave |    842 |    842 |      0 |    112 |    343 |   1 |  842.0 |
       Volcano |    455 |    455 |      0 |    243 |      0 |   1 |  455.0 |
      Gauntlet |    805 |    805 |      0 |    404 |      0 |   1 |  805.0 |
               +--------+--------+--------+--------+--------+-----+--------+

Top non-repeatable levels by time:
   Orc:2: 2215 daAuts
   Elf:1: 2061 daAuts
  Lair:5: 1755 daAuts
  Lair:3: 1583 daAuts
     D:6: 1577 daAuts
     D:8: 1433 daAuts
    D:10: 1376 daAuts
    D:15: 1199 daAuts
    D:11: 1141 daAuts
    D:12: 1125 daAuts
    D:13: 1062 daAuts
  Lair:2: 1059 daAuts
     D:9: 1046 daAuts
     D:5: 1023 daAuts
     D:4: 1014 daAuts
